 Dungeon Crawl Stone Soup version 0.22.0-38-g04b72b8 (webtiles) character file.

2411 Folque the Destroyer (level 9, -1/73 HPs)
             Began as a Naga Wizard on Aug 29, 2018.
             Was a Believer of Sif Muna.
             Killed by divine providence
             ... invoked by an orc priest
              (14 damage)
             ... on level 7 of the Dungeon.
             The game lasted 00:41:38 (5656 turns).

Folque the Destroyer (Naga Wizard)                  Turns: 5656, Time: 00:41:38

Health: -1/73      AC:  8    Str: 10    XL:     9   Next: 47%
Magic:  12/18      EV: 10    Int: 22    God:    Sif Muna [**....]
Gold:   379        SH:  0    Dex:  9    Spells: 7/20 levels left

rFire    . . .     SeeInvis +   C - +3 halberd (chop)
rCold    + . .     Gourm    .   (shield currently unavailable)
rNeg     . . .     Faith    .   B - +1 robe {rC+}
rPois    +         Spirit   .   i - +2 hat
rElec    .         Reflect  .   o - scarf {cloud immunity}
rCorr    .         Harm     .   n - +0 pair of gloves (curse)
MR       +....                  (no barding)
Stlth    +++.......             (no amulet)
HPRegen  0.22/turn              (no ring)
MPRegen  0.16/turn              (no ring)

@: very slow
A: large, see invisible, deformed body, poison resistance, slowness 2, slow
metabolism 1, spit poison 1, AC +3
a: Spit Poison, Divine Energy, Renounce Religion


You were on level 7 of the Dungeon.
You worshipped Sif Muna.
Sif Muna was pleased with you.
You were hungry.

You visited 2 branches of the dungeon, and saw 8 of its levels.

You collected 379 gold pieces.

Inventory:

Hand Weapons
 e - a +0 dagger
 y - a +1 glaive
 C - a +3 halberd of chopping (weapon)
 H - a +4 falchion of flaming
Armour
 a - a +0 robe
 b - a +0 hat
 i - a +2 hat (worn)
 n - a cursed +0 pair of gloves (worn)
 o - a scarf of cloud immunity (worn)
 u - a +0 helmet
 v - a scarf of cloud immunity
 B - a +1 robe of cold resistance (worn)
Jewellery
 z - a cursed +3 amulet of reflection {unknown}
 F - a cursed ring of attention {unknown}
 J - an uncursed amulet of magic regeneration {unknown}
Wands
 A - a wand of disintegration (9)
 D - a wand of clouds (6)
 I - a wand of digging (13)
Scrolls
 f - a scroll of remove curse
 k - a scroll of enchant weapon
 l - 4 scrolls of amnesia
 r - a scroll of enchant armour
 s - 7 scrolls of identify
 t - 8 scrolls of teleportation
 w - 2 scrolls of noise {unknown}
 E - 4 scrolls of magic mapping {unknown}
 G - a scroll of fear {unknown}
 L - a scroll of vulnerability {unknown}
Potions
 c - a potion of haste {unknown}
 g - a potion of ambrosia {unknown}
 h - 4 potions of curing
 j - 2 potions of heal wounds
 m - 3 potions of invisibility
 p - a potion of mutation {unknown}
 q - a potion of lignification {unknown}
 x - 3 potions of might {unknown}
Comestibles
 d - 8 rations
 K - 4 chunks of flesh


   Skills:
 - Level 2.2 Fighting
 * Level 4.0 Polearms
 + Level 1.6 Dodging
 - Level 6.0 Stealth
 - Level 6.1 Spellcasting
 + Level 8.8 Conjurations
 - Level 1.0 Summonings
 - Level 1.0 Translocations
 - Level 3.2 Poison Magic


You had 7 spell levels left.
You knew the following spells:

 Your Spells              Type           Power        Failure   Level  Hunger
a - Magic Dart            Conj           ####         1%          1    None
b - Call Imp              Summ           ##......     9%          2    None
c - Blink                 Tloc           N/A          9%          2    None
d - Mephitic Cloud        Conj/Pois/Air  ###.....     5%          3    #......
e - Conjure Flame         Conj/Fire      ####....     4%          3    #......
f - Slow                  Hex            #.......     14%         2    None

Your spell library contained the following spells:

 Spells                   Type           Power        Failure   Level  Hunger


Dungeon Overview and Level Annotations

Branches:
Dungeon (7/15)             Temple (1/1) D:5

Altars:
Cheibriados
Dithmenos
Elyvilon
Gozag
Hepliaklqana
Makhleb
Nemelex Xobeh
Okawaru
Qazlal
Sif Muna
Trog
Uskayaw
Vehumet
Wu Jian
Xom
Yredelemnul
Zin
The Shining One


Innate Abilities, Weirdness & Mutations

You cannot wear boots.
Your serpentine skin is tough. (AC +3)
You have supernaturally acute eyesight. (SInv)
Armour fits poorly on your strangely shaped body.
Your system is resistant to poisons. (rPois)
You cover ground very slowly.
You have a slow metabolism.
You can spit poison.


Message History

Casting: Mephitic Cloud (safe; 5% risk of failure)
Confirm with . or Enter, or press ? or * to list all spells.
Aiming: Mephitic Cloud (safe; 5% risk of failure)
Press: ? - help, Shift-Dir - straight line, f - orc
Aim: an orc, wielding a club The ball explodes into a vile cloud!
The stinking cloud engulfs the orc.
The stinking cloud engulfs you!
The stinking cloud engulfs the orc warrior.
The orc warrior appears unharmed.
The orc is engulfed in noxious fumes.
The orc appears confused.
You closely miss the orc warrior.
The orc is engulfed in noxious fumes.
The orc appears confused.
The orc warrior hits you with a hand axe!
The orc priest mumbles some strange prayers to Beogh against you.
Beogh smites you!
* * * LOW HITPOINT WARNING * * *
The orc is engulfed in noxious fumes.
The orc appears confused.
The orc priest mumbles some strange prayers to Beogh against you.
Beogh smites you!
You die...

#.#### #.# ..## #.# #.# ...#
#.# #.# #r.# #.# #.# #..#
#.# #.# #o.#
#.##########.#######oS# #
#.........).......ho..##>#.#
##############.#####.......#
#@#####oh##.### #..oo§Soo#
#######o## #?# ... ....
...... .....## ...#


You could see an orc warrior, 2 orc priests, an adder and 2 orcs.

Vanquished Creatures
  An ugly thing (D:7)
  Grinder (D:5)
  Eustachio (D:6)
  2 sky beasts (D:6)
  2 ice beasts
  A centaur (D:7)
  A crocodile (D:6)
  Blork the orc (D:5)
  A bullfrog (D:4)
  A wyvern skeleton (D:7)
  A scorpion (D:6)
  A bullfrog zombie (D:6)
  A crimson imp (D:5)
  A centaur zombie (D:7)
  A hound (D:6)
  A gnoll shaman (D:6)
  An orc priest (D:5)
  A centaur skeleton (D:5)
  2 jellies
  4 orc wizards
  2 bullfrog skeletons (D:4)
  Jessica (D:3)
  2 iguanas (D:5)
  Ijyb (D:5)
  4 worker ants
  Robin (D:3)
  5 adders
  10 gnolls
  2 shadow imps
  An ooze (D:3)
  An adder skeleton (D:4)
  2 adder zombies
  2 worms
  4 dart slugs
  4 leopard geckos
  10 orcs
  4 giant cockroaches
  7 goblins
  8 hobgoblins
  3 jackals (D:2)
  2 quokkas
  2 ball pythons
  12 bats
  5 frilled lizards
  A jackal skeleton (D:7)
  5 kobolds
  A leopard gecko zombie (D:7)
  6 rats
134 creatures vanquished.

Vanquished Creatures (collateral kills)
  A phantom (D:7)
  3 adders
  An ooze (D:3)
  A worm (D:3)
  3 orcs
  4 goblins
  A hobgoblin (D:3)
  3 jackals (D:2)
17 creatures vanquished.

Grand Total: 151 creatures vanquished

Notes
Turn   | Place    | Note
-------+----------+-------------------------------------------
     0 | D:1      | Folque the Naga Wizard began the quest for the Orb.
     0 | D:1      | Reached XP level 1. HP: 15/15 MP: 4/4
   580 | D:1      | Reached skill level 1 in Fighting
   713 | D:1      | Reached XP level 2. HP: 25/25 MP: 4/6
   720 | D:1      | Learned a level 2 spell: Call Imp
   723 | D:1      | Learned a level 2 spell: Blink
   941 | D:2      | Reached XP level 3. HP: 32/32 MP: 1/7
  1136 | D:2      | Learned a level 3 spell: Mephitic Cloud
  1165 | D:2      | Noticed a bullfrog
  1196 | D:2      | Found a radiant altar of Vehumet.
  1363 | D:2      | Reached skill level 1 in Poison Magic
  1786 | D:3      | Reached XP level 4. HP: 30/39 MP: 1/9
  1964 | D:3      | Noticed Robin
  2310 | D:3      | Killed Robin
  2382 | D:3      | Found an opulent altar of Gozag.
  2434 | D:3      | Reached skill level 2 in Conjurations
  2457 | D:3      | Reached XP level 5. HP: 34/45 MP: 5/10
  2570 | D:3      | Noticed Jessica
  2577 | D:3      | Killed Jessica
  3175 | D:4      | Reached skill level 3 in Conjurations
  3175 | D:4      | Reached XP level 6. HP: 45/52 MP: 7/12
  3866 | D:5      | Entered Level 5 of the Dungeon
  3904 | D:5      | Reached skill level 4 in Conjurations
  3904 | D:5      | Reached XP level 7. HP: 53/60 MP: 9/13
  4002 | D:5      | Noticed Blork the orc
  4031 | D:5      | Killed Blork the orc
  4031 | D:5      | Reached skill level 5 in Stealth
  4064 | D:5      | Found a burning altar of Makhleb.
  4064 | D:5      | Found a glowing silver altar of Zin.
  4065 | D:5      | Noticed an angel
  4065 | D:5      | Noticed an Executioner
  4073 | D:5      | Noticed Grinder
  4097 | D:5      | Killed Grinder
  4097 | D:5      | Reached skill level 5 in Conjurations
  4138 | D:5      | Reached skill level 5 in Spellcasting
  4143 | D:5      | Learned a level 3 spell: Conjure Flame
  4146 | D:5      | Learned a level 2 spell: Slow
  4173 | D:5      | Reached XP level 8. HP: 67/67 MP: 11/15
  4235 | D:5      | Found a snail-covered altar of Cheibriados.
  4309 | D:5      | Noticed Ijyb
  4318 | D:5      | Killed Ijyb
  4386 | D:5      | Found an ornate altar of the Wu Jian Council.
  4401 | D:5      | Found a staircase to the Ecumenical Temple.
  4415 | Temple   | Entered the Ecumenical Temple
  4467 | Temple   | Became a worshipper of Sif Muna the Loreminder
  4824 | D:6      | Reached skill level 6 in Conjurations
  5032 | D:6      | Noticed Eustachio
  5041 | D:6      | Reached * piety under Sif Muna
  5050 | D:6      | Killed Eustachio
  5050 | D:6      | Reached skill level 7 in Conjurations
  5176 | D:6      | Found a bloodstained altar of Trog.
  5351 | D:6      | Reached skill level 1 in Polearms
  5351 | D:6      | Reached XP level 9. HP: 73/73 MP: 15/18
  5461 | D:7      | Reached skill level 8 in Conjurations
  5566 | D:7      | Noticed a purple ugly thing
  5580 | D:7      | Killed a purple ugly thing
  5606 | D:7      | Reached ** piety under Sif Muna
  5656 | D:7      | Killed from afar by an orc priest

Skill      XL: |  1  2  3  4  5  6  7  8  9 |
---------------+----------------------------+-----
Fighting       | 1 2 |  2.2
Poison Magic   | 1 3 |  3.2
Conjurations   | 2 3 4 5 7 8 |  8.8
Spellcasting   | 4 5 6 |  6.1
Stealth        | 4 6 |  6.0
Polearms       | 1 4 |  4.0
Dodging        | |  1.6
Summonings     | |  1.0
Translocations | |  1.0

Action                   |  1- 3 |  4- 6 |  7- 9 || total
-------------------------+-------+-------+-------++-------
Melee: Unarmed           |     6 |       |       ||     6
       Dagger            |     2 |       |       ||     2
       Spear             |    70 |   154 |       ||   224
       Glaive            |       |    41 |    19 ||    60
       Halberd           |       |       |   197 ||   197
 Cast: Magic Dart        |    17 |    33 |    28 ||    78
       Call Imp          |    10 |    10 |    10 ||    30
       Blink             |     2 |     1 |     3 ||     6
       Mephitic Cloud    |       |    10 |    12 ||    22
       Conjure Flame     |       |       |    11 ||    11
  Use: Scroll            |     2 |     4 |     5 ||    11
       Potion            |       |     2 |       ||     2
 Stab: Sleeping          |     5 |     3 |     7 ||    15
       Confused          |       |     3 |     5 ||     8
       Distracted        |       |     1 |       ||     1
  Eat: Chunk             |     2 |     7 |     6 ||    15
Armor: Robe              |    32 |    57 |    43 ||   132
Dodge: Dodged            |    44 |   126 |    82 ||   252
